Construct Section Command Post
Selects Canadian Shock Battlegroup
Selects Offensive Resupply
Selects Canadian Shock Section
Construct Field Infirmary
Selects Incendiary Munitions
Construct Platoon Command Post
Unlock Bishop Self-propelled Artillery
Bishop Self-propelled Artillery
Bishop Self-propelled Artillery
6-pounder Anti-tank Gun Team
Selects Churchill Crocodile Heavy Tank
Churchill Crocodile Heavy Tank
Construct Company Command Post